 Dungeon Crawl Stone Soup version 0.27.1-4-g1640c2035a (webtiles) character file.

Game seed: 14216313500337735004

368 raph the Slasher (level 6, -1/56 HPs)
             Began as a Minotaur Monk on Nov 1, 2021.
             Was an Elder of Fedhas.
             Slain by a hornet zombie (3 damage)
             ... on level 5 of the Dungeon.
             The game lasted 00:07:29 (6408 turns).

raph the Slasher (Minotaur Monk)                    Turns: 6408, Time: 00:07:29

Health: -1/56      AC:  9    Str: 16    XL:     6   Next: 41%
Magic:  3/6        EV: 10    Int:  7    God:    Fedhas [****..]
Gold:   234        SH:  0    Dex: 14    Spells: 5/5 levels left

rFire    + . .     SeeInvis .   a - +0 falchion
rCold    . . .     Faith    .   (no shield)
rNeg     . . .     Spirit   .   k - +0 scale mail
rPois    .         Reflect  .   (helmet restricted)
rElec    .         Harm     .   q - +1 cloak
rCorr    .         Rampage  .   o - +0 pair of gloves
Will     .....                  (no boots)
Stlth    +.........             (no amulet)
HPRegen  0.18/turn              m - ring of protection from fire
MPRegen  0.10/turn              (no ring)

@: no status effects
A: horns 2, retaliatory headbutt
a: Renounce Religion, Wall of Briars, Grow Ballistomycete, Overgrow


You were on level 5 of the Dungeon.
You worshipped Fedhas.
Fedhas was greatly pleased with you.
You visited 1 branch of the dungeon, and saw 5 of its levels.

You collected 324 gold pieces.
You spent 90 gold pieces at shops.

Inventory:

Hand Weapons
 a - a +0 falchion (weapon)
 b - a +1 hand crossbow
Missiles
 s - a throwing net (quivered)
 t - 59 bolts
Armour
 g - a +0 plate armour
 h - a +0 robe
 k - a +0 scale mail (worn)
 o - a +0 pair of gloves (worn)
 q - a +1 cloak (worn)
Jewellery
 m - a ring of protection from fire (left hand)
Wands
 d - a wand of iceblast (5)
Scrolls
 c - 2 scrolls of teleportation
 n - a scroll of blinking
 r - a scroll of fog
Potions
 e - 8 potions of curing
 j - a potion of lignification
 l - a potion of magic
 p - 2 potions of ambrosia


   Skills:
 + Level 5.5 Fighting
 * Level 6.9 Long Blades
 * Level 0.3 Crossbows
 + Level 0.1 Armour
 + Level 3.3 Dodging
 - Level 1.8 Stealth
 + Level 2.0 Invocations


You had 5 spell levels left.
You didn't know any spells.
Your spell library was empty.

Dungeon Overview and Level Annotations

Branches:
Dungeon (5/15)
 Temple: D:4-7

Altars:
Fedhas
Gozag
Trog
Zin


Innate Abilities, Weirdness & Mutations

You have a pair of horns on your head.
You reflexively headbutt those who attack you in melee.


Message History

The hornet zombie hits you but does no damage.
You barely miss the hornet zombie.
The hornet zombie is moderately damaged.
The hornet zombie hits you but does no damage.
You hit the hornet zombie but do no damage.
Your headbutt misses the hornet zombie.
The hornet zombie is moderately damaged.
The hornet zombie hits you!
You barely miss the hornet zombie.
The hornet zombie is moderately damaged.
The hornet zombie hits you.
You barely miss the hornet zombie.
The hornet zombie is moderately damaged.
The hornet zombie closely misses you. The hornet zombie hits you.
You are too injured to fight recklessly!
You are too injured to fight recklessly!
You are too injured to fight recklessly!
You are too injured to fight recklessly!
You are too injured to fight recklessly!
You are too injured to fight recklessly!
You hit the hornet zombie.
The hornet zombie is heavily damaged.
The hornet zombie hits you but does no damage.
You hit the hornet zombie but do no damage.
Your headbutt misses the hornet zombie.
The hornet zombie is heavily damaged.
The hornet zombie hits you.
You hit the hornet zombie. You headbutt the hornet zombie!
The hornet zombie is severely damaged.
The hornet zombie hits you.
* * * LOW HITPOINT WARNING * * *
You hit the hornet zombie.
The hornet zombie is severely damaged.
The hornet zombie hits you.
* * * LOW HITPOINT WARNING * * *
The hornet zombie hits you!
* * * LOW HITPOINT WARNING * * *
A briar patch grows up from the ground. x7; The hornet zombie hits you.
You die...
Fedhas appreciates your contribution to the ecosystem.

.#.# #.. .#.# #.# ...
.#.####.# ...
.#......#########.#####
##..###.....##........#
....#
###.............##
#...# #...............
##### #......PPP....#.
###....P@Z......
####.PPP....##
#........# #........#
########## # # ### ..#


You could see a hornet zombie (ally target).

Vanquished Creatures
  Crazy Yiuf (D:3)
  2 iguanas (D:4)
  Jessica (D:2)
  Ijyb (D:4)
  A scorpion zombie (D:5)
  Natasha (twice) (D:4 D:3)
  A hound skeleton (D:4)
  4 adders
  A worm (D:3)
  10 dart slugs
  11 orcs
  4 bats
  4 endoplasms
  3 giant cockroaches
  5 hobgoblins
  4 jackals (D:1)
  4 kobolds
  A quokka (D:2)
  14 ball pythons
  A frilled lizard (D:1)
  4 goblins
  6 rats
85 creatures vanquished.

Vanquished Creatures (others)
  A goblin (D:4)
1 creature vanquished.

Grand Total: 86 creatures vanquished

Notes
Turn   | Place    | Note
-------+----------+-------------------------------------------
     0 | D:1      | raph the Minotaur Monk began the quest for the Orb.
     0 | D:1      | Reached XP level 1. HP: 19/19 MP: 0/0
   138 | D:1      | Reached skill level 4 in Long Blades
   250 | D:1      | Reached XP level 2. HP: 27/27 MP: 1/1
   324 | D:1      | Found a faded altar of an unknown god.
   340 | D:1      | Became a worshipper of Fedhas Madash
   340 | D:1      | Reached * piety under Fedhas
   340 | D:1      | Reached ** piety under Fedhas
   685 | D:1      | Reached *** piety under Fedhas
  1114 | D:2      | Reached XP level 3. HP: 29/33 MP: 2/2
  1509 | D:2      | Reached skill level 5 in Long Blades
  1962 | D:2      | Noticed Jessica
  1971 | D:1      | Reached XP level 4. HP: 37/41 MP: 3/3
  2107 | D:2      | Killed Jessica
  3107 | D:3      | Reached **** piety under Fedhas
  3306 | D:3      | Reached XP level 5. HP: 47/47 MP: 4/4
  3373 | D:3      | Found a runed translucent door.
  3374 | D:3      | Noticed Crazy Yiuf
  3384 | D:3      | Killed Crazy Yiuf
  3385 | D:3      | Reached skill level 6 in Long Blades
  3385 | D:3      | Reached skill level 1 in Invocations
  4121 | D:4      | Reached skill level 5 in Fighting
  4783 | D:4      | Noticed Natasha
  4791 | D:4      | Killed Natasha
  4929 | D:4      | Noticed Ijyb
  4940 | D:5      | Entered Level 5 of the Dungeon
  4940 | D:5      | Found an opulent altar of Gozag.
  5142 | D:4      | Killed Ijyb
  5143 | D:4      | Reached XP level 6. HP: 52/56 MP: 6/6
  5353 | D:4      | Noticed Natasha
  5363 | D:3      | Killed Natasha
  5987 | D:4      | Found a bloodstained altar of Trog.
  6061 | D:4      | Found Zin's Purification Station.
  6065 | D:4      | Found a glowing silver altar of Zin.
  6070 | D:4      | Bought a potion of curing for 90 gold pieces
  6407 | D:5      | HP: 2/56 [hornet zombie (8)]
  6408 | D:5      | Slain by a hornet zombie

Illustrated notes

Levels and vault maps discovered:
D:1:      grunt_arrival_lava_bath, layout_loops_ring, serial_bayou,
          serial_bayou_pond_a, serial_bayou_pond_a, serial_bayou_shore_b,
          serial_bayou_lagoon_a, hellmonk_ecumenical_altar_blasted,
          minmay_shallow_snake_nest
D:2:      layout_rooms, uniq_jessica
D:3:      kennysheep_slugbush, layout_basic, kennysheep_big_empty_room,
          uniq_crazy_yiuf_cottage
D:4:      layout_loops_corners, lemuel_coloured_pillars_altar, zin_purify,
          uniq_natasha, uniq_ijyb
D:5:      layout_basic, amcnicky_altar_gilded, minmay_temple_entry_mist

Skill      XL: |  1  2  3  4  5  6 |
---------------+-------------------+-----
Long Blades    | 4 5 6 |  6.9
Fighting       | 4 5 |  5.5
Invocations    | 1 2 |  2.0
Crossbows      | |  0.3
Armour         | |  0.1
Dodging        | |  3.3
Stealth        | |  1.8

Action                   |  1- 3 |  4- 6 || total
-------------------------+-------+-------++-------
Melee: Falchion          |    75 |   109 ||   184
       Headbutt          |    13 |    26 ||    39
 Fire: Hunting sling     |       |    57 ||    57
       Hand crossbow     |       |     3 ||     3
Invok: Wall of Briars    |       |     1 ||     1
  Use: Scroll            |       |    10 ||    10
 Stab: Sleeping          |     3 |       ||     3
Armor: Robe              |     6 |     2 ||     8
       Scale mail        |       |    36 ||    36
Dodge: Dodged            |    53 |    53 ||   106
       Rpst.: Falchion   |    17 |     9 ||    26
